AoeStats
← Nikolao

Glade

510543702Analyzed
1v1 RM · 1d ago on Oct 1, 2026· 14m 15s· 2 players
Game mode
Random Map
Map size
Tiny (2 player)
Population
200
Speed
Normal
Resources
Standard
Victory
Conquest
Starting age
Dark Age
Ending age
Imperial Age
RankedLock teamsTeams togetherTeam positionsShared explorationLock speedFull tech treeHidden civsTurbo modeCheats
Victory
Defeat
🇦🇷 Japanese · Argentina
887
+15
🇺🇸 Varangians · United States
871
-15
OniDrag0n
5:19 Loom
10:43 Feudal Age
11:38 Man-at-Arms
13:04 Bloodlines
Nikolao
6:08 Loom
9:38 Feudal Age
10:40 Arson
10:34 Man-at-Arms
Connection lost

Rejoining the realm…

Still unreachable

The connection could not be restored.

Session expired

The server has moved on; the page needs a fresh start.